 Dungeon Crawl Stone Soup version 0.24.0-2-g5b39cebb1c (webtiles) character file.

Game seed: 3325560459014375736, levelgen mode: deterministic

87296 Iskender the Devastator (level 15, -5/88 HPs)
             Began as an Octopode Chaos Knight on Oct 28, 2019.
             Was a Plaything of Xom.
             Slain by a two-headed ogre (9 damage)
             ... while paralysed by an orc sorcerer
             ... on level 2 of the Orcish Mines on Oct 29, 2019.
             The game lasted 04:46:46 (25509 turns).

Iskender the Devastator (Octopode Chaos Knight)    Turns: 25509, Time: 04:46:52

Health: -5/88      AC:  5    Str: 12    XL:     15   Next: 90%
Magic:  12/24      EV:  2    Int: 24    God:    Xom [..*...]
Gold:   2000       SH:  0    Dex: 19    Spells: 0/26 levels left

rFire    + + .     SeeInvis .   b - +4 flail "Ocigoc" {venom, Int+3 Stlth+}
rCold    . . .     Gourm    .   p - +3 buckler {reflect}
rNeg     + . .     Faith    .   M - +2 hat
rPois    .         Spirit   .   V - +5 amulet of reflection
rElec    +         Reflect  +   w - ring of wizardry
rCorr    .         Harm     .   B - ring of stealth
MR       +....     Clarity  +   Y - ring of positive energy
Stlth    +++++++++.             Z - +4 ring of dexterity
HPRegen  0.64/turn              f - ring "Ryulywni" {Fire rElec}
MPRegen  0.19/turn              (no ring)
                                (no ring)
                                (no ring)

@: paralysed
A: almost no armour, stealthy swim, amphibious, 8 rings, constrict 8, antennae
2, repulsion field 1, iridescent scales 1, large bone plates 1, camouflage 2,
agile 1, clarity, clever 1, cold resistance 1, fire resistance 1, mutation
resistance 1, regeneration 1, electricity resistance, gelatinous body 1,
MP-powered wands
a: Renounce Religion


You were on level 2 of the Orcish Mines.
You worshipped Xom.
You were a toy of Xom.
You were hungry.

You visited 4 branches of the dungeon, and saw 24 of its levels.

You collected 2618 gold pieces.
You spent 618 gold pieces at shops.

Inventory:

Hand Weapons
 a - a +0 dagger of electrocution
 b - the +4 flail "Ocigoc" (weapon) {venom, Int+3 Stlth+}
   (You found it on level 9 of the Dungeon)

   It poisons the flesh of those it strikes.
   It affects your intelligence (+3).
   It makes you more stealthy.
 A - a +2 trident of flaming
 R - a +2 mace of protection
Missiles
 c - 3 throwing nets (quivered)
 H - 7 silver javelins
 T - 4 curare-tipped darts
Armour
 p - a +3 buckler of reflection (worn)
 M - a +2 hat (worn)
Magical Staves
 h - an uncursed staff of earth
 n - an uncursed staff of poison
Jewellery
 f - the ring "Ryulywni" (on tentacle) {Fire rElec}
   (You bought it in a shop on level 4 of the Dungeon)

   [ring of fire]

   It enhances your fire magic.
   It protects you from fire.
   It makes you vulnerable to cold.
   It insulates you from electricity.
 v - an uncursed amulet of the gourmand
 w - a ring of wizardry (left tentacle)
 B - a ring of stealth (right tentacle)
 V - a +5 amulet of reflection (around mantle)
 Y - a ring of positive energy (on tentacle)
 Z - a +4 ring of dexterity (on tentacle)
Wands
 q - a wand of polymorph (9)
 t - a wand of paralysis (6)
 x - a wand of clouds (3)
 C - a wand of digging (7)
 E - a wand of disintegration (22)
 I - a wand of iceblast (15)
 Q - a wand of enslavement (6)
Scrolls
 d - 3 scrolls of immolation
 e - a scroll of identify
 i - 9 scrolls of teleportation
 j - 2 scrolls of amnesia
 k - 2 scrolls of enchant armour
 s - 2 scrolls of fear
 y - 2 scrolls of blinking
 D - 9 scrolls of remove curse
 G - a scroll of summoning
 N - 2 scrolls of fog
 U - 3 scrolls of enchant weapon
 X - a scroll of magic mapping
Potions
 g - 4 potions of curing
 l - 5 potions of agility
 r - a potion of resistance
 u - 2 potions of haste
 z - 2 potions of berserk rage
 F - 3 potions of mutation
 J - a potion of magic {unknown}
 K - a potion of brilliance
 O - 2 potions of flight
 P - a potion of heal wounds
 W - a potion of might
Miscellaneous
 m - a fan of gales
Comestibles
 o - 8 chunks of flesh
 L - 27 rations


   Skills:
 - Level 3.0 Fighting
 - Level 6.0 Short Blades
 - Level 10.1 Polearms
 - Level 11.5 Dodging
 - Level 12.4 Stealth
 - Level 4.0 Shields
 - Level 6.0 Spellcasting
 - Level 15.9 Conjurations
 + Level 8.7 Necromancy
 - Level 7.0 Fire Magic


You couldn't memorise any spells.
You knew the following spells:

 Your Spells              Type           Power        Failure   Level  Hunger
a - Magic Dart            Conj           ####         0%          1    None
b - Call Imp              Summ           #.......     4%          2    None
d - Conjure Flame         Conj/Fire      #######.     1%          3    #......
e - Fireball              Conj/Fire      #######...   1%          5    #####..
g - Throw Flame           Conj/Fire      ######       1%          2    None
v - Blink                 Tloc           N/A          4%          2    None
z - Sublimation of Blood  Necr           #####.....   1%          2    None
A - Apportation           Tloc           #.....       3%          1    None
B - Bolt of Draining      Conj/Necr      ######....   1%          5    #####..
C - Mephitic Cloud        Conj/Pois/Air  ####....     1%          3    #......

Your spell library contained the following spells:

 Spells                   Type           Power        Failure   Level  Hunger
 Flame Tongue             Conj/Fire      #####        1%          1    None
 Shock                    Conj/Air       ####         1%          1    None
 Corpse Rot               Necr           N/A          1%          2    None
 Static Discharge         Conj/Air       #####...     1%          3    #......
 Sticky Flame             Conj/Fire      #######.     1%          4    ###....
 Inner Flame              Hex/Fire       #####...     2%          3    #......
 Agony                    Necr           #####...     2%          5    #####..
 Dispel Undead            Necr           #####...     2%          5    #####..
 Summon Butterflies       Summ           #.......     3%          1    None
 Lightning Bolt           Conj/Air       #####.....   3%          5    #####..
 Slow                     Hex            #.......     4%          2    None
 Swiftness                Chrm/Air       #.......     4%          2    None
 Lesser Beckoning         Tloc           #.........   10%         3    #......
 Tukima's Dance           Hex            #.......     10%         3    #......
 Excruciating Wounds      Chrm/Necr      ####......   16%         5    #####..
 Airstrike                Air            #.........   30%         4    ###....
 Alistair's Intoxication  Tmut/Pois      #.......     61%         5    #####..
 Invisibility             Hex            #.......     99%         6    ######.


Dungeon Overview and Level Annotations

Branches:
Dungeon (15/15)            Temple (1/1) D:6            Lair (6/6) D:9
 Shoals (0/4) Lair:4       Spider (0/4) Lair:3        Slime (0/5) Lair:5
    Orc (2/2) D:12            Elf (0/3) Orc:2        Vaults (0/5) D:14
 Depths: D:15

Altars:
Ashenzari
Cheibriados
Dithmenos
Elyvilon
Fedhas
Gozag
Hepliaklqana
Kikubaaqudgha
Makhleb
Nemelex Xobeh
Okawaru
Qazlal
Ru
Sif Muna
Trog
Uskayaw
Vehumet
Wu Jian
Xom
Yredelemnul
Zin
The Shining One

Shops:
D:4 =   D:5 *   D:9 }   Orc:2 **!

Annotations:
D:13 2 transporters, Deukiw's ghost, journeyman SpEn
D:14 Roxanne
Lair:3 exclusion: oklob plant
Lair:4 3 runed translucent doors, Nyzic's ghost, journeyman TrMo; Vufrucs's ghost, journeyman DrTm
Lair:5 Urug
Lair:6 fire dragon


Innate Abilities, Weirdness & Mutations

You cannot wear most types of armour.
You are very stealthy in the water. (Stealth+)
You are amphibious.
You can wear up to eight rings at the same time.
You can use your tentacles to constrict eight enemies at once.
Your skin blends seamlessly with your surroundings (Stealth++).
Your rubbery body absorbs attacks. (AC +1, EV +1)
You have a pair of antennae on your head.
You are surrounded by a mild repulsion field. (EV +2)
You are partially covered in iridescent scales. (AC +2)
You are partially covered in large bone plates. (SH +4)
You are agile. (Dex +2)
You possess an exceptional clarity of mind.
Your mind is acute. (Int +2)
Your flesh is cold resistant. (rC+)
Your flesh is heat resistant. (rF+)
You are somewhat resistant to further mutation.
Your natural rate of healing is unusually fast.
You are resistant to electric shocks. (rElec)
You expend magic power (3 MP) to strengthen your wands.


Message History

The orc sorcerer hits you with a +0 dagger.
Your crimson imp blinks!
The orc sorcerer points at you and mumbles some strange words.
You suddenly lose the ability to move!
The two-headed ogre hits you! The two-headed ogre hits you.
The orc sorcerer hits you with a +0 dagger.
The two-headed ogre hits you! The two-headed ogre hits you.
Your crimson imp hits the two-headed ogre.
The orc sorcerer mumbles some strange words.
The two-headed ogre hits you but does no damage.
The two-headed ogre hits you!
* * * LOW HITPOINT WARNING * * *
Your crimson imp barely misses the two-headed ogre.
The orc sorcerer hits you with a +0 dagger.
* * * LOW HITPOINT WARNING * * *
The two-headed ogre hits you!
* * * LOW HITPOINT WARNING * * *
The two-headed ogre hits you!
You die...
Xom giggles madly!

.#.....##,,* , #§)..)..## ##....
...#..##.. ,, ∩##.#.....# ##...#)
.#..)..##..*∩,##)......####.....#
...#....##.6 ##..##)#.###.....[#.
#....#...##..#..##.).###.........
##......).##.).##)_.###........#.
###))###...##.##54.###...........
.###)[###...###)Oo####...........
..###))###...#[.@###.............
...###.)###.#)#.###.........#....
#...###)[###)..###...............
.....###).###.###................
......###..#####.................
.......###[.###..................
........##)..#...................
.................................
.........).......................


You could see a two-headed ogre, a chaos spawn, an orc sorcerer and a friendly
crimson imp.

Vanquished Creatures
  Gastronok (Lair:2)
  A spark wasp (Lair:4)
  An ettin (Orc:1)
  Snorg (Lair:4)
  Harold (Lair:1)
  4 vault guards (D:14)
  An ice dragon (Lair:6)
  3 hydras
  A catoblepas (Lair:6)
  5 centaur warriors
  2 two-headed ogres
  2 tengu warriors (D:14)
  5 orc high priests (Orc:2)
  Sonja (Orc:2)
  A sun demon (Orc:2)
  2 soul eaters (Orc:2)
  A torturous demonspawn (Orc:2)
  An infernal demonspawn (Orc:2)
  An unseen horror (D:12)
  A swamp dragon (Lair:6)
  6 orc knights (Orc:2)
  2 lindwurms (Lair:6)
  Pikel (D:7)
  6 orc sorcerers
  3 cyclopes
  11 ugly things
  2 manticores
  2 centaur zombies (D:14)
  5 elephants
  4 black mambas
  6 torpor snails
  A water nymph (D:13)
  7 spiny frogs
  A gargoyle (D:14)
  10 komodo dragons
  A kobold demonologist (D:14)
  5 rime drakes
  A hellwing (Orc:2)
  A merfolk (Lair:4)
  10 trolls
  An ice devil (Orc:2)
  A tengu conjurer (D:14)
  3 jumping spiders
  3 tyrant leeches (Lair:6)
  A polar bear (Lair:4)
  9 hornets
  8 hippogriffs
  A dream sheep (Lair:4)
  12 slime creatures
  3 blink frogs (Lair:3)
  7 redbacks
  A ynoxinul (Orc:2)
  2 wraiths
  Sigmund (D:2)
  A vampire (D:11)
  27 yaks
  A wyvern (Lair:6)
  3 hogs (D:13)
  A human (D:13)
  2 chaos spawn (Orc:2)
  6 basilisks
  3 hungry ghosts
  8 vampire mosquitoes
  11 water moccasins
  2 wargs (Orc:2)
  2 acid dragons
  9 porcupines
  3 swamp drakes (Lair:6)
  3 phantoms
  2 ice beasts
  A sky beast (D:9)
  2 eyes of draining
  33 orc warriors
  6 ogres
  9 wolves
  31 centaurs
  3 necrophages
  17 crocodiles
  3 big kobolds (D:14)
  A water moccasin zombie (D:9)
  13 bullfrogs
  2 scorpions (D:12)
  A wyvern skeleton (D:13)
  15 killer bees
  5 wights
  4 electric eels
  5 howler monkeys
  A quasit (D:9)
  3 crimson imps
  3 jellies
  3 hounds
  An iron imp (D:4)
  28 orc priests
  5 centaur skeletons
  3 iguanas
  5 bullfrog skeletons
  15 orc wizards
  8 worker ants
  A hound skeleton (D:6)
  A howler monkey zombie (D:9)
  6 gnolls
  A howler monkey skeleton (D:7)
  4 adders
  2 shadow imps
  An adder zombie (D:6)
  2 worms
  A dart slug (D:5)
  5 leopard geckos
  74 orcs
  7 giant cockroaches
  6 goblins
  8 hobgoblins
  10 jackals
  15 kobolds
  3 quokkas
  A ball python (D:3)
  3 bats
  2 frilled lizards
  A leopard gecko skeleton (D:4)
  4 rats
  3 fungi
  2 plants
647 creatures vanquished.

Vanquished Creatures (collateral kills)
  Erica (Orc:1)
  An orc knight (Orc:1)
  A centaur zombie (D:12)
  An elephant (D:9)
  A troll (Orc:2)
  A hippogriff (D:12)
  A basilisk (Lair:1)
  An orc warrior (Orc:1)
  A wight (D:7)
  2 orc wizards (Orc:1)
  4 orcs (Orc:1)
15 creatures vanquished.

Vanquished Creatures (others)
  An orc high priest (Orc:2)
  A wizard (D:13)
  An orc warrior (Orc:2)
  A centaur (D:11)
  A bullfrog zombie (D:7)
  An orc (Orc:1)
  A jackal (D:1)
  8 fungi
  17 plants
  3 withered plants (Lair:4)
35 creatures vanquished.

Grand Total: 697 creatures vanquished

Notes
Turn   | Place    | Note
-------+----------+-------------------------------------------
     0 | D:1      | Iskender the Octopode Chaos Knight began the quest for the
                  | Orb.
     0 | D:1      | Reached XP level 1. HP: 16/16 MP: 1/1
    12 | D:1      | Reached skill level 1 in Stealth
    62 | D:1      | Reached XP level 2. HP: 21/21 MP: 2/2
   237 | D:1      | XOM: smoke on damage
   290 | D:1      | Reached XP level 3. HP: 23/26 MP: 3/3
   525 | D:2      | You fall into a shaft and drop 1 floor!
   537 | D:3      | Found an ancient bone altar of Kikubaaqudgha.
   545 | D:3      | Reached skill level 5 in Stealth
   545 | D:3      | Reached XP level 4. HP: 21/31 MP: 4/4
   719 | D:3      | XOM: mild Air miscast
   843 | D:3      | XOM: divination: detect items
  1135 | D:2      | XOM: 2-stop teleportation journey
  1327 | D:2      | XOM: 9-stop teleportation journey
  1400 | D:2      | Found a bloodstained altar of Trog.
  1447 | D:2      | Noticed Sigmund
  1454 | D:2      | XOM: chaos upgrade
  1611 | D:2      | Reached XP level 5. HP: 31/36 MP: 5/5
  1970 | D:2      | XOM: butterfly on damage
  2200 | D:3      | XOM: fog
  2202 | D:3      | XOM: divination: magic mapping
  2322 | D:3      | XOM: god gift: bubbling brown potion {god gift}
  2451 | D:4      | XOM: noise
  2459 | D:4      | XOM: god gift: scroll labeled EKAOCH SIODWA {god gift}
  2468 | D:4      | Reached XP level 6. HP: 34/42 MP: 6/6
  2545 | D:4      | Found an ornate altar of the Wu Jian Council.
  2545 | D:4      | Found a shimmering blue altar of Sif Muna.
  2634 | D:4      | Reached skill level 5 in Dodging
  2707 | D:4      | Found Wopargh's Gadget Shop.
  2755 | D:4      | XOM: polymorph crimson imp -> iron imp
  2760 | D:4      | XOM: potion effect (haste)
  2898 | D:4      | Found Suuto's Jewellery Emporium.
  2997 | D:4      | XOM: god gift: scroll of fear
  3093 | D:5      | Entered Level 5 of the Dungeon
  3212 | D:5      | XOM: give mutations
  3212 | D:5      | Gained mutation: Your natural rate of healing is unusually
                  | fast. [Xom's grace]
  3212 | D:5      | Gained mutation: You expend magic power (3 MP) to
                  | strengthen your wands. [Xom's grace]
  3212 | D:5      | Gained mutation: Your flesh is heat resistant. (rF+) [Xom's
                  | grace]
  3252 | D:5      | Found Xyule's General Store.
  3255 | D:5      | Bought a scroll of identify for 24 gold pieces
  3338 | D:5      | XOM: give mutation
  3338 | D:5      | Gained mutation: You are resistant to electric shocks.
                  | (rElec) [Xom's grace]
  3426 | D:5      | XOM: god gift: curved jewelled staff {god gift}
  3776 | D:5      | Noticed an ice beast
  3809 | D:5      | Killed an ice beast
  3809 | D:5      | Reached XP level 7. HP: 30/46 MP: 7/7
  4033 | D:5      | XOM: cast spell 'Metabolic Englaciation'
  4043 | D:5      | Reached skill level 5 in Polearms
  4135 | D:6      | XOM: give mutation
  4135 | D:6      | Gained mutation: You have a pair of small antennae on your
                  | head. [Xom's grace]
  4152 | D:6      | XOM: divination: detect items
  4168 | D:6      | Found a staircase to the Ecumenical Temple.
  4181 | Temple   | Entered the Ecumenical Temple
  4340 | D:6      | XOM: god gift: lead wand {god gift}
  4401 | D:6      | XOM: cloud trail
  4503 | D:6      | XOM: fog
  4560 | D:6      | XOM: give mutation
  4560 | D:6      | Gained mutation: You are somewhat resistant to further
                  | mutation. [Xom's grace]
  4654 | D:6      | Found an opulent altar of Gozag.
  4658 | D:6      | Found a sparkling altar of Nemelex Xobeh.
  4661 | D:6      | XOM is BORED!
  4661 | D:6      | XOM: give mutations
  4661 | D:6      | Gained mutation: You are partially covered in iridescent
                  | scales. (AC +2) [Xom's mischief]
  4661 | D:6      | Gained mutation: Your muscles are strong. (Str +2) [Xom's
                  | mischief]
  4703 | D:6      | Reached XP level 8. HP: 33/52 MP: 8/8
  5027 | D:7      | Noticed Pikel
  5206 | D:7      | XOM: cloud trail
  5365 | D:7      | XOM: summons 3 friendly demons
  5403 | D:7      | XOM: medium Pois miscast
  5531 | D:7      | XOM: give mutations
  5531 | D:7      | Gained mutation: You are partially covered in large bone
                  | plates. (SH +4) [Xom's grace]
  5531 | D:7      | Gained mutation: You possess an exceptional clarity of
                  | mind. [Xom's grace]
  5531 | D:7      | Gained mutation: Your skin blends seamlessly with your
                  | surroundings (Stealth++). [Xom's grace]
  5534 | D:7      | XOM: scenery: 3 doors close
  5677 | D:7      | XOM: potion effect (haste)
  5716 | D:7      | Killed Pikel
  5716 | D:7      | Reached XP level 9. HP: 45/56 MP: 9/9
  6313 | D:2      | Killed Sigmund
  6468 | D:8      | XOM: divination: magic mapping
  6500 | D:8      | Reached skill level 10 in Polearms
  6513 | D:8      | XOM: cleaving
  6584 | D:8      | XOM: potion effect (brilliance)
  6766 | D:8      | Found a hide-covered altar of Uskayaw.
  6766 | D:8      | Noticed a +0 hand axe
  6766 | D:8      | Noticed a +0 hand axe
  6957 | D:8      | XOM: 5-stop teleportation journey
  7001 | D:8      | XOM: divination: magic mapping
  7112 | D:8      | Found a glowing silver altar of Zin.
  7142 | D:8      | Noticed a two-headed ogre
  7225 | D:8      | XOM: divination: detect creatures
  7322 | D:8      | XOM: cast spell 'Summon Ice Beast'
  7331 | D:8      | Killed a two-headed ogre
  7331 | D:8      | Reached skill level 5 in Short Blades
  7331 | D:8      | Reached XP level 10. HP: 63/63 MP: 2/10
  7465 | D:9      | XOM: medium Air miscast
  7480 | D:9      | Got an ichor-stained flail
  7517 | D:8      | Identified the +4 flail "Ocigoc" {venom, Int+3 Stlth+} (You
                  | found it on level 9 of the Dungeon)
  7617 | D:9      | Found Wanil's Gadget Shop.
  7650 | D:9      | Found a staircase to the Lair.
  7650 | D:9      | Noticed an elephant
  7693 | D:9      | XOM: summons 3 friendly demons
  7698 | D:9      | Killed an elephant
  7756 | D:9      | Learned a level 1 spell: Magic Dart
  7759 | D:9      | Learned a level 2 spell: Blink
  7763 | D:9      | Learned a level 3 spell: Conjure Flame
  7767 | D:9      | Learned a level 3 spell: Mephitic Cloud
  8087 | D:9      | XOM: summons friendly ufetubus
  8113 | D:9      | XOM: cloud trail
  8117 | D:9      | XOM: cast spell 'Summon Mana Viper'
  8127 | D:9      | Reached skill level 1 in Conjurations
  8172 | D:9      | Reached skill level 2 in Conjurations
  8176 | D:9      | XOM: stat loss: -1 Dex (16/17)
  8282 | D:9      | Found a blossoming altar of Fedhas.
  8312 | D:9      | XOM: silly message
  8331 | D:9      | XOM: stat loss: -1 Int (15/16)
  8343 | D:9      | XOM: smoke on damage
  8346 | D:9      | Reached skill level 3 in Conjurations
  8387 | D:9      | XOM: summons 1 hostile demon
  8437 | D:9      | XOM is BORED!
  8519 | D:10     | Entered Level 10 of the Dungeon
  8564 | D:10     | XOM: mild Ice miscast
  8650 | D:10     | Noticed a two-headed ogre
  8897 | D:10     | Reached skill level 1 in Spellcasting
  8961 | D:10     | Found a shadowy altar of Dithmenos.
  9009 | D:10     | Reached skill level 4 in Conjurations
  9192 | D:10     | XOM: divination: detect items
  9240 | D:10     | Killed a two-headed ogre
  9240 | D:10     | Reached skill level 5 in Conjurations
  9384 | D:11     | XOM: potion effect (agility)
  9447 | D:11     | XOM: potion effect (brilliance)
  9496 | D:11     | XOM: potion effect (invisibility)
  9501 | D:11     | XOM: divination: detect creatures
  9507 | D:11     | Reached skill level 6 in Conjurations
  9507 | D:11     | Reached XP level 11. HP: 58/67 MP: 6/12
  9803 | D:12     | XOM: potion effect (haste)
  9839 | D:12     | XOM: potion effect (brilliance)
  9884 | D:12     | XOM: divination: magic mapping
  9923 | D:12     | Reached skill level 7 in Conjurations
 10095 | D:12     | XOM: silly message
 10105 | D:12     | XOM: cast spell 'Monstrous Menagerie'
 10185 | D:12     | Killed an unseen horror
 10578 | D:12     | Noticed a cyclops
 10583 | D:12     | Killed a cyclops
 10583 | D:12     | Reached skill level 10 in Dodging
 10683 | D:12     | XOM: harmless Tmut miscast
 10810 | D:12     | Found a staircase to the Orcish Mines.
 10839 | D:12     | Learned a level 2 spell: Call Imp
 10851 | D:12     | XOM: summons 2 friendly demons
 10855 | D:12     | XOM: confuse monster(s)
 10870 | D:12     | XOM: divination: detect items
 10894 | D:12     | XOM: polymorph yak -> troll
 11109 | Orc:1    | Entered Level 1 of the Orcish Mines
 11109 | Orc:1    | Noticed an orc knight
 11112 | Orc:1    | Noticed Erica
 11138 | D:12     | XOM: god gift: wand of paralysis (5)
 11215 | D:11     | Reached XP level 12. HP: 63/72 MP: 10/16
 11241 | D:11     | XOM: cleaving
 11247 | D:11     | XOM: cast spell 'Ring of Flames'
 11328 | D:11     | Reached skill level 5 in Fire Magic
 11332 | D:11     | Reached skill level 8 in Conjurations
 11344 | D:11     | XOM: enchant monster (good)
 11621 | D:11     | XOM: confuse monster(s)
 11726 | Lair:1   | Entered Level 1 of the Lair of Beasts
 11764 | Lair:1   | Reached skill level 9 in Conjurations
 11872 | Lair:1   | XOM: potion effect (haste)
 11932 | Lair:1   | XOM: scenery: create altars
 11953 | Lair:1   | XOM: divination: detect creatures
 11965 | Lair:1   | Noticed a five-headed hydra
 12324 | Lair:1   | Reached skill level 10 in Conjurations
 12349 | Lair:1   | XOM: god gift: 5 silver javelins
 12447 | Lair:1   | Noticed Harold
 12616 | Lair:2   | Noticed Gastronok
 12873 | Lair:2   | Reached skill level 11 in Conjurations
 12937 | Lair:2   | XOM: give mutation
 12937 | Lair:2   | Gained mutation: You are surrounded by a mild repulsion
                  | field. (EV +2) [Xom's grace]
 13000 | Lair:2   | XOM: summons 5 friendly demons
 13004 | Lair:2   | XOM: cast spell 'Alistair's Intoxication'
 13033 | Lair:2   | XOM: noise
 13123 | Lair:2   | XOM: snakes to sticks
 13139 | Lair:2   | XOM: butterfly on damage
 13200 | Lair:2   | XOM: mild Hex miscast
 13344 | Lair:3   | XOM: snakes to sticks
 13430 | Lair:3   | XOM: medium Necr miscast
 13488 | Lair:3   | Reached skill level 10 in Stealth
 13522 | Lair:3   | XOM: silly message
 13592 | Lair:3   | XOM: harmless Hex miscast
 13676 | Lair:3   | XOM: divination: detect creatures
 13805 | Lair:3   | Reached XP level 13. HP: 77/77 MP: 13/17
 14358 | Lair:3   | XOM: cleaving
 14458 | Lair:3   | Found a hole to the Spider Nest.
 14658 | Lair:4   | Noticed Snorg
 14667 | Lair:4   | Killed Snorg
 14772 | Lair:4   | XOM: swap monsters
 15178 | Lair:4   | Found a staircase to the Shoals.
 15280 | Lair:4   | Found a runed translucent gate.
 15280 | Lair:4   | Found a runed translucent gate.
 15280 | Lair:4   | Found a runed translucent gate.
 15285 | Lair:4   | Noticed Nyzic's ghost (journeyman TrMo)
 15285 | Lair:4   | Noticed Vufrucs's ghost (journeyman DrTm)
 15352 | Lair:4   | XOM: cloud trail
 15384 | Lair:4   | Noticed a spark wasp
 15384 | Lair:4   | a five-headed hydra changed into a spark wasp
 15384 | Lair:4   | XOM: polymorph five-headed hydra -> spark wasp
 15384 | Lair:4   | XOM: butterfly on damage
 15509 | Lair:4   | Killed a spark wasp
 15557 | Lair:4   | Learned a level 2 spell: Throw Flame
 15594 | Lair:4   | XOM: draining
 15780 | Lair:5   | XOM: chaos cloud
 15819 | Lair:5   | XOM: noise
 16007 | Lair:5   | XOM: 4-stop teleportation journey
 16013 | Lair:5   | Noticed Urug
 16209 | Lair:5   | Found a staircase to the Slime Pits.
 16351 | Lair:5   | XOM: 1-stop teleportation journey
 16620 | Lair:6   | Entered Level 6 of the Lair of Beasts
 16651 | Lair:6   | XOM: confuse monster(s)
 16786 | Lair:6   | XOM: cast spell 'Summon Butterflies'
 16841 | Lair:6   | XOM: cast spell 'Summon Small Mammal'
 16846 | Lair:6   | XOM: potion effect (brilliance)
 16858 | Lair:6   | XOM: divination: detect creatures
 16870 | Lair:5   | Reached skill level 1 in Shields
 16902 | Lair:5   | XOM: harmless Pois miscast
 17069 | Lair:6   | XOM: potion effect (might)
 17124 | Lair:6   | XOM: 1-stop teleportation journey
 17131 | Lair:6   | XOM: medium Erth miscast
 17142 | Lair:6   | XOM: smoke on damage
 17336 | Lair:6   | XOM: swap monsters
 17548 | Lair:6   | Found a runed translucent door.
 17548 | Lair:6   | Noticed an ice dragon
 17703 | Lair:6   | XOM: give mutation
 17703 | Lair:6   | Lost mutation: You possess an exceptional clarity of mind.
                  | [Xom's mischief]
 17714 | Lair:6   | Reached skill level 12 in Conjurations
 17838 | Lair:6   | Noticed a fire dragon
 17948 | Lair:6   | Reached XP level 14. HP: 83/83 MP: 4/18
 17966 | Lair:6   | XOM: enchant monster (good)
 17994 | Lair:6   | XOM: polymorph elephant -> jumping spider
 18088 | Lair:6   | XOM: summons 4 hostile shadow creatures
 18263 | Lair:6   | XOM: divine lightning
 18268 | Lair:6   | XOM: enchant monster (good)
 18313 | Lair:6   | XOM: swap monsters
 18467 | Lair:6   | XOM: potion effect (haste)
 18505 | Lair:6   | Learned a level 4 spell: Sticky Flame
 18584 | Lair:6   | XOM: confusion
 18663 | Lair:6   | Paralysed by a hornet for 3 turns
 18664 | Lair:6   | XOM: divination: magic mapping
 18708 | Lair:6   | Reached skill level 13 in Conjurations
 18760 | Lair:6   | Paralysed by a hornet for 1 turns
 18764 | Lair:6   | XOM: stat loss: -1 Dex (16/17)
 18768 | Lair:6   | XOM: cast spell 'Olgreb's Toxic Radiance'
 18823 | Lair:6   | XOM: give mutations
 18823 | Lair:6   | Lost mutation: Your muscles are strong. (Str +2) [Xom's
                  | mischief]
 18823 | Lair:6   | Gained mutation: Your mind is acute. (Int +2) [Xom's
                  | mischief]
 18904 | Lair:6   | XOM: summons 3 hostile shadow creatures
 18920 | Lair:6   | XOM: give mutation
 18920 | Lair:6   | Gained mutation: You have a pair of antennae on your head.
                  | [Xom's grace]
 19103 | Lair:6   | XOM: 2-stop teleportation journey
 19234 | Lair:6   | XOM: give mutation
 19234 | Lair:6   | Gained mutation: You possess an exceptional clarity of
                  | mind. [Xom's grace]
 19305 | Lair:6   | XOM: summons 7 hostile demons
 19327 | Lair:6   | XOM: polymorph iron imp -> crimson imp
 19440 | Lair:5   | Upgraded the game from 0.24.0-1-gfbc8707122 to
                  | 0.24.0-2-g5b39cebb1c
 19447 | Lair:5   | Learned a level 5 spell: Bolt of Draining
 19560 | Lair:2   | XOM: give mutations
 19560 | Lair:2   | Gained mutation: Your flesh is cold resistant. (rC+) [Xom's
                  | grace]
 19560 | Lair:2   | Gained mutation: You have a pair of large antennae on your
                  | head. (SInv) [Xom's grace]
 19560 | Lair:2   | Gained mutation: Your system is resistant to poisons.
                  | (rPois) [Xom's grace]
 19610 | Lair:1   | XOM: divination: magic mapping
 19627 | Lair:1   | Reached skill level 1 in Necromancy
 19686 | Lair:1   | XOM: silly message
 19765 | Lair:1   | Killed Harold
 19870 | Lair:2   | Killed Gastronok
 20011 | D:13     | Noticed a vampire knight
 20080 | D:13     | Reached skill level 14 in Conjurations
 20162 | D:13     | Found a transporter.
 20233 | D:13     | XOM: enchant monster (bad)
 20250 | D:13     | XOM: swap monsters
 20367 | D:13     | Found a bloodstained altar of Trog.
 20394 | D:13     | XOM: god gift: shiny buckler {god gift}
 20457 | D:13     | XOM: medium Necr miscast
 20459 | D:13     | Noticed Deukiw's ghost (journeyman SpEn)
 20469 | D:13     | XOM: medium Pois miscast
 20486 | D:13     | Found a transporter.
 20507 | D:13     | XOM: polymorph slime creature -> water nymph
 20511 | D:13     | XOM: fake destruction
 20514 | D:13     | XOM: mild Hex miscast
 20594 | D:13     | XOM: medium Tmut miscast
 20694 | D:13     | XOM: mild Chrm miscast
 20729 | D:13     | XOM: god gift: 48 gold pieces
 20957 | D:14     | XOM: mild Hex miscast
 20989 | D:14     | Found a white marble altar of Elyvilon.
 21037 | D:14     | XOM: enchant monster (good)
 21153 | D:14     | Learned a level 1 spell: Apportation
 21189 | D:14     | XOM: 6-stop teleportation journey
 21193 | D:14     | XOM: scenery: create altars
 21205 | D:14     | XOM: harmless Tmut miscast
 21442 | D:14     | XOM: summons 4 hostile shadow creatures
 21542 | D:14     | XOM: silly message
 21570 | D:14     | Identified Roxanne's Incunabulum of Earth
 21570 | D:14     | Noticed Roxanne
 21653 | D:14     | Reached skill level 5 in Necromancy
 21858 | D:14     | XOM: enchant monster (good)
 21878 | D:14     | XOM: summons friendly quasit
 21897 | D:14     | Reached XP level 15. HP: 87/88 MP: 2/22
 21920 | D:14     | Reached skill level 5 in Spellcasting
 21978 | D:14     | XOM: cleaving
 22138 | D:14     | Reached skill level 15 in Conjurations
 22150 | D:14     | XOM: cast spell 'Summon Small Mammal'
 22266 | D:14     | Found a gate to the Vaults.
 22351 | D:15     | Entered Level 15 of the Dungeon
 22377 | D:15     | XOM: polymorph centaur -> boggart
 22527 | D:14     | XOM: divination: detect items
 22540 | D:14     | Learned a level 5 spell: Fireball
 22614 | D:10     | XOM: stat loss: -1 Int (20/21)
 22738 | D:4      | Bought the ring "Ryulywni" {Fire rElec} for 546 gold pieces
 22817 | D:5      | Bought a potion of might for 48 gold pieces
 22938 | D:7      | XOM: 5-stop teleportation journey
 23086 | Orc:1    | Killed Erica
 23377 | Orc:1    | XOM: repel stairs
 23399 | Orc:1    | XOM: cleaving
 23400 | Orc:1    | XOM: confuse monster(s)
 23407 | Orc:1    | XOM: harmless Ice miscast
 23412 | Orc:1    | XOM: swap monsters
 23490 | Orc:1    | XOM: give mutations
 23490 | Orc:1    | Lost mutation: Your system is resistant to poisons. (rPois)
                  | [Xom's mischief]
 23490 | Orc:1    | Lost mutation: You have a pair of large antennae on your
                  | head. (SInv) [Xom's mischief]
 23528 | Orc:2    | Entered Level 2 of the Orcish Mines
 23667 | Orc:2    | Found a staircase to the Elven Halls.
 23759 | Orc:2    | Noticed Sonja
 23779 | Orc:2    | Killed Sonja
 23813 | Orc:2    | XOM: cast spell 'Summon Mana Viper'
 23836 | Orc:2    | XOM: enchant monster (good)
 23936 | Orc:2    | XOM: 1-stop teleportation journey
 24028 | Orc:2    | XOM: summons 4 hostile shadow creatures
 24029 | Orc:2    | XOM: smoke on damage
 24176 | Orc:2    | Found Daroi's Distillery.
 24218 | Orc:2    | Paralysed by an orc sorcerer for 3 turns
 24270 | Orc:2    | Learned a level 2 spell: Sublimation of Blood
 24455 | Orc:2    | XOM: chaos cloud
 24491 | Orc:2    | Found Tuachecu's General Store.
 24492 | Orc:2    | Found Huoveih's General Store.
 24533 | Orc:2    | XOM: divination: magic mapping
 24695 | Orc:2    | XOM: medium Ice miscast
 24722 | Orc:2    | XOM: blink monster(s)
 24724 | Orc:2    | XOM: harmless Tloc miscast
 24725 | Orc:2    | XOM: harmless Pois miscast
 24967 | Orc:2    | XOM: cast spell 'Summon Small Mammal'
 25093 | Orc:2    | XOM: scenery: create altars
 25098 | Orc:2    | XOM: give mutation
 25098 | Orc:2    | Gained mutation: You are agile. (Dex +2) [Xom's grace]
 25113 | Orc:2    | XOM: destruction
 25178 | Orc:2    | XOM: summons 2 friendly demons
 25201 | Orc:2    | XOM: harmless Conj miscast
 25328 | Orc:2    | XOM: divination: detect creatures
 25491 | Orc:2    | XOM: polymorph torturous demonspawn -> two-headed ogre
 25499 | Orc:2    | XOM: harmless Erth miscast
 25505 | Orc:2    | Paralysed by an orc sorcerer for 5 turns
 25509 | Orc:2    | HP: 4/88 [two-headed ogre (15)]
 25509 | Orc:2    | Slain by a two-headed ogre

Levels and vault maps discovered:
D:1:      dpeg_arrival_round_b, layout_rooms, minmay_crystal_room
D:2:      layout_loops_corners, lemuel_coloured_pillars_altar, first_ration,
          uniq_sigmund
D:3:      layout_loops_ring, kiku_gazebo_pond_becter
D:4:      layout_cave_pools, gammafunk_temple_overflow_statue, serial_shops,
          shop, shop
D:5:      layout_layer_cave, serial_shops, kennysheep_mini, grunt_ministairs_13
D:6:      layout_basic, grunt_temple_overflow_opulence,
          minmay_temple_entry_crystal_x
D:7:      layout_gridville, corexii_corridor_pit, kb_lookout_dungeons_type,
          minmay_fractal_squares_diagonal_5, uniq_pikel
D:8:      layout_basic, dancing_weapons_uskayaw, lemuel_doored_altar
D:9:      layout_basic, old_standard_altar, david_lair_generic, serial_shops,
          nicolae_shop_waterfront, minivault_14
D:10:     layout_irregular_city, basic_altar
D:11:     layout_irregular_city
D:12:     layout_loops_corners, orc_0_dummy
D:13:     layout_rooms, gammafunk_ghost_mausoleum, grunt_livestock, trog_wizard
D:14:     layout_loops_ring, lightli_vaults_fourway_checkpoint,
          minmay_misc_feat_enclosed, elyvilon_altar_3, uniq_roxanne
D:15:     grunt_enter_depths_hoard, layout_small_grid, fountainhead,
          grunt_decor_cap, grunt_ministairs_6, minmay_fractal_squares_5
Temple:   nicolae_temple_god_jail
Lair:1:   layout_regular_city, serial_bayou_shore_a, infiniplex_staircase_pool,
          grunt_megastairs_5, uniq_harold
Lair:2:   layout_roguey, chequers_serial_rivers_micro_b, uniq_gastronok
Lair:3:   layout_loops_ring, spider_nest_entry_funnel_web,
          minmay_lair_oklob_bushes, grunt_megastairs_1
Lair:4:   layout_loops_ring, elwin_shoals_entry_rooms, gammafunk_ghost_cemetery,
          hangedman_lair_generics_rect, uniq_snorg
Lair:5:   layout_regular_city, minmay_slime_entry_pillars, hibernation_bobbens,
          uniq_urug
Lair:6:   guppyfry_lair_end_dragon, layout_cave_shapes, wormcave,
          chequers_serial_rivers_small_b, lemuel_old_faithful,
          grunt_megastairs_4
Orc:1:    layout_caves, uniq_erica
Orc:2:    pf_orc_diabolical, layout_diamond_mine, serial_shops, shop, uniq_sonja

Skill      XL: |  1  2  3  4  5  6  7  8  9 10 11 12 13 14 15 |
---------------+----------------------------------------------+-----
Stealth        | 2 3 5 6 8 10 12 | 12.4
Dodging        | 3 4 5 7 8 10 11 | 11.5
Polearms       | 4 6 9 10 | 10.1
Short Blades   | 5 6 |  6.0
Conjurations   | 6 7 11 12 14 15 | 15.9
Spellcasting   | 1 3 4 6 |  6.0
Fire Magic     | 4 5 7 |  7.0
Shields        | 4 |  4.0
Necromancy     | 5 8 |  8.7
Fighting       | |  3.0

Action                   |  1- 3 |  4- 6 |  7- 9 | 10-12 | 13-15 || total
-------------------------+-------+-------+-------+-------+-------++-------
Melee: Spear             |    66 |   120 |       |       |       ||   186
       Constrict         |    16 |    25 |    26 |    52 |   105 ||   224
       Tentacles         |     7 |    19 |    29 |   103 |   210 ||   368
       Trident           |       |    28 |   144 |   277 |   516 ||   965
       Dagger            |       |       |    44 |   362 |   345 ||   751
       Flail             |       |       |       |    19 |    63 ||    82
       Mace              |       |       |       |       |    14 ||    14
 Fire: Shortbow          |       |       |    24 |       |       ||    24
Throw: Stone             |     1 |       |       |       |       ||     1
       Boomerang         |       |    16 |    13 |     1 |       ||    30
 Cast: Magic Dart        |       |       |       |   120 |    61 ||   181
       Conjure Flame     |       |       |       |    34 |    73 ||   107
       Blink             |       |       |       |     6 |    15 ||    21
       Mephitic Cloud    |       |       |       |     7 |    14 ||    21
       Call Imp          |       |       |       |     3 |     6 ||     9
       Throw Flame       |       |       |       |       |   148 ||   148
       Bolt of Draining  |       |       |       |       |    50 ||    50
       Sticky Flame      |       |       |       |       |    13 ||    13
       Sublimation of Bl |       |       |       |       |    43 ||    43
       Fireball          |       |       |       |       |    41 ||    41
       Apportation       |       |       |       |       |     4 ||     4
Evoke: Wand              |       |       |     3 |     8 |    33 ||    44
  Use: Scroll            |     2 |     9 |     4 |    10 |    15 ||    40
       Potion            |       |     2 |     5 |     7 |    12 ||    26
 Stab: Sleeping          |     5 |    17 |    16 |    46 |    42 ||   126
       Distracted        |       |     1 |       |       |       ||     1
       Petrifying        |       |     1 |       |       |       ||     1
       Paralysed         |       |     1 |     1 |       |     3 ||     5
       Confused          |       |     1 |     1 |     8 |    20 ||    30
       Held in net/web   |       |       |       |       |     1 ||     1
       Betrayed ally     |       |       |       |       |     1 ||     1
  Eat: Chunk             |       |     9 |     5 |    20 |    41 ||    75
       Ration            |       |       |     2 |     3 |    10 ||    15
Armor: Skin              |     3 |     1 |    13 |    17 |    26 ||    60
Dodge: Dodged            |    21 |    52 |    75 |   221 |   391 ||   760
Block: Other             |       |       |    16 |   131 |    35 ||   182
       Reflection        |       |       |       |    13 |    21 ||    34
       Buckler           |       |       |       |       |   436 ||   436
